 Dungeon Crawl Stone Soup version 0.23-a0-565-g3e74e4c (webtiles) character file.

67 MalarOregon the Insei (level 4, -4/33 HPs)
             Began as a Merfolk Transmuter on Dec 13, 2018.
             Slain by a sky beast (5 damage)
             ... on level 3 of the Dungeon.
             The game lasted 00:03:13 (1677 turns).

MalarOregon the Insei (Merfolk Transmuter)          Turns: 1677, Time: 00:03:13

Health: -4/33      AC:  4    Str: 11    XL:     4   Next: 16%
Magic:  7/7        EV: 16    Int: 12    God:
Gold:   77         SH:  4    Dex: 14    Spells: 4/7 levels left

rFire    . . .     SeeInvis .   j - +1 dagger (elec)
rCold    . . .     Gourm    .   (no shield)
rNeg     . . .     Faith    .   o - +0 leather armour
rPois    .         Spirit   .   k - +0 helmet
rElec    .         Reflect  +   (no cloak)
rCorr    .         Harm     .   (no gloves)
MR       .....                  (boots currently unavailable)
Stlth    ++........             r - +4 amulet of reflection
HPRegen  0.11/turn              (no ring)
MPRegen  0.10/turn              (no ring)

@: very quick
A: change form in water, swift swim, stealthy swim
a: no special abilities


You were on level 3 of the Dungeon.
You were not hungry.

You visited 1 branch of the dungeon, and saw 3 of its levels.

You collected 85 gold pieces.
You donated 8 gold pieces to Zin.

Inventory:

Hand Weapons
 j - a +1 dagger of electrocution (weapon)
   (You took it off a goblin on level 1 of the Dungeon)
Missiles
 a - 25 arrows
 p - 6 steel javelins (quivered)
Armour
 k - a +0 helmet (worn)
   (You found it on level 1 of the Dungeon)
 o - a +0 leather armour (worn)
   (You found it on level 1 of the Dungeon)
Jewellery
 r - a +4 amulet of reflection (around neck)
   (You found it on level 2 of the Dungeon)
Scrolls
 c - a scroll of noise {unknown}
 h - a scroll of enchant armour {unknown}
 m - 2 scrolls of blinking {unknown}
 q - a scroll of remove curse {unknown}
Potions
 b - a potion of lignification {unknown}
 d - 2 potions of ambrosia {unknown}
 f - a potion of resistance {unknown}
 g - a potion of haste {unknown}
 l - 3 potions of magic {unknown}
 n - 3 potions of agility {unknown}
Comestibles
 e - 5 rations {!d}


   Skills:
 + Level 2.0 Fighting
 + Level 0.8 Armour
 + Level 3.3 Dodging
 + Level 3.8 Unarmed Combat
 + Level 2.4 Spellcasting
 + Level 3.3 Transmutations


You had 4 spell levels left.
You knew the following spells:

 Your Spells              Type           Power        Failure   Level  Hunger
a - Beastly Appendage     Tmut           #.....       9%          1    ##.....
s - Sticks to Snakes      Tmut           #.......     13%         2    ###....

Your spell library contained the following spells:

 Spells                   Type           Power        Failure   Level  Hunger
 Spider Form              Tmut/Pois      #.........   45%         3    ####...
 Ice Form                 Ice/Tmut       #.......     86%         4    #####..
 Blade Hands              Tmut           #.........   94%         5    ######.


Dungeon Overview and Level Annotations

Branches:
Dungeon (3/15)

Altars:
Zin


Message History

You hit the sky beast but do no damage.
The sky beast flickers out of sight!
Deactivating autopickup; reactivate with Ctrl-A.
Something hits you but does no damage.
Your legs become a tail as you enter the water.
You closely miss something.
A bat comes into view.
Something hits you. Something shocks you.
You miss something. You tail-slap something.
A sky beast appears from thin air!
Reactivating autopickup.
The sky beast barely misses you.
Unknown command.
You closely miss the sky beast.
The sky beast hits you but does no damage.
You barely miss the sky beast. Your punch misses the sky beast.
The bat barely misses you. You block the sky beast's attack.
You hit the sky beast but do no damage. The sky beast hits you.
The sky beast shocks you.
* * * LOW HITPOINT WARNING * * *
The bat barely misses you.
You miss the sky beast. The bat closely misses you.
The sky beast barely misses you.
You hit the sky beast but do no damage. The sky beast barely misses you.
The bat closely misses you.
You closely miss the sky beast. The bat hits you but does no damage.
The sky beast misses you.
You barely miss the sky beast. The bat closely misses you.
The sky beast misses you.
You hit the sky beast but do no damage. The bat closely misses you.
The sky beast closely misses you.
You closely miss the sky beast. The sky beast barely misses you.
The bat closely misses you.
You closely miss the sky beast. The bat misses you. The sky beast hits you.
* * * LOW HITPOINT WARNING * * *
The sky beast shocks you.
* * * LOW HITPOINT WARNING * * *
You hit the sky beast but do no damage. The bat misses you.
The bat hits you but does no damage. The sky beast completely misses you.
You miss the sky beast. You tail-slap the sky beast. The bat misses you.
The sky beast completely misses you.
You barely miss the sky beast.
You tail-slap the sky beast, but do no damage.
The bat closely misses you. The sky beast hits you.
* * * LOW HITPOINT WARNING * * *
The sky beast shocks you.
* * * LOW HITPOINT WARNING * * *
Sorry, you're not good enough to have a special ability.
You hit the sky beast. The bat hits you but does no damage.
The sky beast hits you.
You die...

≈.≈♣♣♣≈ ≈≈.≈≈≈≈≈
.≈.≈... ≈≈.
≈≈≈≈≈≈ ♣≈≈≈ ♣≈≈≈♣
♣≈≈≈ ♣≈≈≈♣ .
♣♣♣≈.≈♣♣♣b≈≈♣♣♣≈.
≈≈≈≈≈≈≈≈@Y.≈≈≈≈≈.
≈≈..≈..≈..≈≈..≈≈
###.#.....#####.
#.......#
###.....# #.....#
#.....# #####.#
#.# ###


You could see a sky beast and a bat.

Vanquished Creatures
  2 adders (D:2)
  An ooze (D:1)
  A worm (D:2)
  A dart slug (D:1)
  A leopard gecko (D:2)
  3 giant cockroaches
  7 goblins
  5 hobgoblins
  4 kobolds
  2 quokkas (D:2)
  A ball python (D:2)
  A bat (D:1)
  4 frilled lizards
  5 rats
38 creatures vanquished.

Notes
Turn   | Place    | Note
-------+----------+-------------------------------------------
     0 | D:1      | MalarOregon the Merfolk Transmuter began the quest for the
                  | Orb.
     0 | D:1      | Reached XP level 1. HP: 15/15 MP: 3/3
   139 | D:1      | Reached XP level 2. HP: 12/21 MP: 5/5
   975 | D:2      | Reached XP level 3. HP: 23/26 MP: 6/6
  1212 | D:2      | Found a faded altar of an unknown god.
  1295 | D:2      | Became a worshipper of Zin the Law-Giver
  1295 | D:2      | Reached * piety under Zin
  1464 | D:2      | Reached XP level 4. HP: 25/33 MP: 7/7
  1468 | D:2      | Learned a level 2 spell: Sticks to Snakes
  1505 | D:2      | Fell from the grace of Zin
  1656 | D:3      | Noticed a sky beast
  1676 | D:3      | HP: 1/33 [sky beast (6)]
  1677 | D:3      | Slain by a sky beast

Vault maps used:
D:1:      scummos_arrival_hexagon, minmay_misc_feat_roman
D:2:      chequers_ecumenical_altar_simple_redux
D:3:      kennysheep_boxes

Skill      XL: |  1  2  3  4 |
---------------+-------------+-----
Transmutations | 3 |  3.3
Dodging        | 3 |  3.3
Fighting       | 2 |  2.0
Armour         | |  0.8
Unarmed Combat | |  3.8
Spellcasting   | |  2.4

Action                   |  1- 3 |  4- 6 || total
-------------------------+-------+-------++-------
Melee: Unarmed           |    16 |       ||    16
       Punch             |     2 |       ||     2
       Dagger            |   101 |    21 ||   122
       Tailslap          |       |     3 ||     3
 Cast: Beastly Appendage |     3 |       ||     3
Invok: Renounce Religion |       |     1 ||     1
  Eat: Chunk             |     2 |     1 ||     3
Armor: Robe              |    10 |       ||    10
       Leather armour    |     7 |     5 ||    12
Dodge: Dodged            |    65 |    24 ||    89
Block: Other             |     2 |     1 ||     3

Table legend:
 A = Non-vault XP
 B = Vault XP
 C = Vault XP percentage of total XP
 D = Non-vault monster count
 E = Vault monster count
 F = Vault count percentage of total count
                 A         B        C        D         E       F
            +---------+---------+-------+---------+---------+-------
      Total |      96 |       0 |   0.0 |      38 |       0 |   0.0
            +---------+---------+-------+---------+---------+-------
        D:1 |      32 |       0 |   0.0 |      16 |       0 |   0.0
        D:2 |      64 |       0 |   0.0 |      22 |       0 |   0.0
            +---------+---------+-------+---------+---------+-------
